 Dungeon Crawl Stone Soup version 0.23.1-37-gaa34b87b72 (webtiles) character file.

Game seed: 5047286778237266338

122 Revguard the Slasher (level 4, -3/37 HPs)
             Began as a Draconian Skald on Mar 25, 2019.
             Slain by a gnoll
             ... wielding a +2 flail of draining
              (6 damage)
             ... on level 3 of the Dungeon.
             The game lasted 00:10:23 (2158 turns).

Revguard the Slasher (Draconian Skald)              Turns: 2158, Time: 00:10:24

Health: -3/37      AC:  5    Str: 13    XL:     4   Next: 78%
Magic:  1/7        EV: 12    Int: 13    God:
Gold:   80         SH:  0    Dex: 12    Spells: 1/7 levels left

rFire    . . .     SeeInvis +   a - +0 falchion
rCold    . . .     Gourm    .   (no shield)
rNeg     . . .     Faith    .   (armour unavailable)
rPois    .         Spirit   .   (helmet restricted)
rElec    .         Reflect  .   e - scarf {cloud immunity}
rCorr    .         Harm     .   (no gloves)
MR       .....                  (no boots)
Stlth    +.........             (no amulet)
HPRegen  0.12/turn              f - ring of see invisible
MPRegen  0.10/turn              (no ring)

@: singing (expiring), drained
A: unfitting armour, cold-blooded, AC +5
a: no special abilities


You were on level 3 of the Dungeon.
You were not hungry.

You visited 1 branch of the dungeon, and saw 3 of its levels.

You collected 80 gold pieces.

Inventory:

Hand Weapons
 a - a +0 falchion (weapon)
Armour
 e - a scarf of cloud immunity (worn)
Jewellery
 f - a ring of see invisible (left hand)
Scrolls
 b - 6 scrolls of identify {unknown}
 h - a scroll of remove curse {unknown}
 i - a scroll of random uselessness {unknown}
 j - a scroll of teleportation {unknown}
Comestibles
 c - 4 rations


   Skills:
 + Level 2.9(2.3) Fighting
 + Level 3.4(2.8) Long Blades
 + Level 2.9(2.3) Dodging
 + Level 2.4(1.8) Spellcasting
 + Level 3.1(2.5) Charms
 + Level 0.1(0.0) Necromancy


You had one spell level left.
You knew the following spells:

 Your Spells              Type           Power        Failure   Level  Hunger
a - Infusion              Chrm           #...         9%          1    ##.....
b - Song of Slaying       Chrm           #.......     14%         2    ###....
c - Regeneration          Chrm/Necr      #.........   43%         3    ####...

Your spell library contained the following spells:

 Spells                   Type           Power        Failure   Level  Hunger
 Shroud of Golubria       Chrm/Tloc      #.........   24%         2    ###....
 Spectral Weapon          Hex/Chrm       #.......     43%         3    ####...


Dungeon Overview and Level Annotations

Branches:
Dungeon (3/15)

Altars:


Innate Abilities, Weirdness & Mutations

Your plain brown scales are hard. (AC +5)
You cannot fit into any form of body armour.
You are cold-blooded and may be slowed by cold attacks.


Message History

An ooze comes into view.
The gnoll hits you with a +2 flail of draining!
* * * LOW HITPOINT WARNING * * *
You feel drained.
* * * LOW HITPOINT WARNING * * *
You aren't carrying any potions.
As you read the scroll labeled OVAGRU NOCK, it crumbles to dust.
It is a scroll of enchant armour.
You aren't carrying any armour which can be enchanted further.
As you read the scroll labeled RULINNURAO, it crumbles to dust.
The creatures around you are filled with an inner flame!
It was a scroll of immolation.
The gnoll hits you with a +2 flail of draining.
* * * LOW HITPOINT WARNING * * *
You feel drained.
* * * LOW HITPOINT WARNING * * *
You barely miss the gnoll.
The gnoll is heavily wounded.
The gnoll hits you with a +2 flail of draining.
You die...

O..........#
..........#
.........+ .......
#. #...# #.###
#J..# #.##....
#rO.# #.##....
#g### #.##....
#@#.. #.##...
#.#.#######.##.###
#.#.#..........รท..
#.#.#.#####....###
#.#.#...).....##
#<..........#.#
###########.#.#
....# .#.###


You could see an ogre (inner flame), a gnoll (inner flame), an ooze (inner
flame) and a quokka (inner flame).

Vanquished Creatures
  2 gnolls (D:3)
  4 adders
  An ooze (D:1)
  3 worms (D:2)
  2 dart slugs (D:1)
  A leopard gecko (D:1)
  A giant cockroach (D:2)
  2 goblins
  7 hobgoblins
  3 jackals (D:1)
  7 kobolds
  2 quokkas (D:2)
  2 ball pythons
  4 bats
  A frilled lizard (D:2)
  9 rats
51 creatures vanquished.

Notes
Turn   | Place    | Note
-------+----------+-------------------------------------------
     0 | D:1      | Revguard the Draconian Skald began the quest for the Orb.
     0 | D:1      | Reached XP level 1. HP: 17/17 MP: 3/3
   454 | D:1      | Reached XP level 2. HP: 24/24 MP: 5/5
   491 | D:1      | Learned a level 2 spell: Song of Slaying
   882 | D:1      | Reached XP level 3. HP: 30/30 MP: 6/6
  1109 | D:2      | Learned a level 3 spell: Regeneration
  1886 | D:2      | Reached XP level 4. HP: 24/37 MP: 5/7
  2130 | D:3      | Noticed an ogre
  2158 | D:3      | Slain by a gnoll

Skill      XL: |  1  2  3  4 |
---------------+-------------+-----
Charms         | 3 |  3.1
Long Blades    | 3 |  3.4
Fighting       | |  2.9
Dodging        | |  2.9
Spellcasting   | |  2.4
Necromancy     | |  0.1

Action                   |  1- 3 |  4- 6 || total
-------------------------+-------+-------++-------
Melee: Falchion          |   114 |    24 ||   138
       Tailslap          |     9 |     3 ||    12
 Cast: Infusion          |     8 |     2 ||    10
       Regeneration      |     3 |       ||     3
       Song of Slaying   |     1 |     1 ||     2
  Use: Scroll            |       |     2 ||     2
 Stab: Sleeping          |     1 |       ||     1
  Eat: Chunk             |     4 |     1 ||     5
Armor: Skin              |    36 |    11 ||    47
Dodge: Dodged            |    73 |    26 ||    99
       Rpst.: Falchion   |    20 |     8 ||    28
